 Dungeon Crawl Stone Soup version 0.22.1-1-ga44c0e5 (webtiles) character file.

1756 Krapule the Shield-Bearer (level 9, 0/69 HPs)
             Began as a Formicid Fighter on Oct 11, 2018.
             Was a Believer of Okawaru.
             Slain by Grinder (7 damage)
             ... on level 6 of the Dungeon.
             The game lasted 00:25:00 (6436 turns).

Krapule the Shield-Bearer (Formicid Fighter)        Turns: 6436, Time: 00:25:01

Health: 0/69       AC: 11    Str: 24    XL:     9   Next: 27%
Magic:  12/12      EV:  9    Int:  8    God:    Okawaru [**....]
Gold:   334        SH: 11    Dex: 10    Spells: 8/8 levels left

rFire    . . .     SeeInvis +   p - +1 scythe
rCold    . . .     Gourm    .   c - +0 shield
rNeg     . . .     Faith    .   b - +0 scale mail
rPois    .         Spirit   .   (helmet unavailable)
rElec    .         Reflect  .   (no cloak)
rCorr    .         Harm     .   e - +1 pair of gloves (curse)
MR       .....                  y - +0 pair of boots
Stlth    ++........             (no amulet)
HPRegen  0.21/turn              (no ring)
MPRegen  0.13/turn              (no ring)

@: no status effects
A: permanent stasis, dig shafts and tunnels, four strong arms, antennae 3
a: Dig, Shaft Self, Heroism, Renounce Religion


You were on level 6 of the Dungeon.
You worshipped Okawaru.
Okawaru was pleased with you.
You were not hungry.

You visited 2 branches of the dungeon, and saw 7 of its levels.
You also visited: Ossuary.

You collected 334 gold pieces.

Inventory:

Hand Weapons
 a - a +0 trident
 p - a +1 scythe (weapon)
Armour
 b - a +0 scale mail (worn)
 c - a +0 shield (worn)
 e - a cursed +1 pair of gloves (worn)
 x - the +1 robe "Peagic" {Int+2 Dex+4}
   (You found it on level 4 of the Dungeon)

   It affects your intelligence (+2).
   It affects your dexterity (+4).
 y - a +0 pair of boots (worn)
Jewellery
 z - an uncursed ring of fire {unknown}
 B - the ring "Muolasiff" {*Corrode rPois MP+9 Str+4 Int+7, unknown}
   (You found it on level 5 of the Dungeon)

   [ring of magical power]

   It affects your strength (+4).
   It affects your intelligence (+7).
   It protects you from poison.
   It affects your magic capacity (+9).
   It may corrode you when you take damage.
Wands
 h - a wand of disintegration (18)
 l - a wand of flame (17)
 w - a wand of random effects (29)
Scrolls
 k - a scroll of enchant armour
 u - a scroll of amnesia
 A - 2 scrolls of enchant weapon
Potions
 d - a potion of might
 g - a potion of mutation
 i - 5 potions of magic
 j - 3 potions of brilliance
 m - a potion of haste
 o - a potion of cancellation
 q - 2 potions of degeneration {unknown}
 r - a potion of resistance {unknown}
 s - 4 potions of heal wounds {unknown}
 t - 2 potions of curing {unknown}
 v - 3 potions of lignification {unknown}
 C - a potion of flight {unknown}
Comestibles
 f - 10 rations


   Skills:
 + Level 6.1 Fighting
 + Level 5.0 Polearms
 + Level 6.0 Armour
 + Level 5.9 Stealth
 + Level 6.6 Shields
 + Level 5.0 Invocations


You had 8 spell levels left.
You didn't know any spells.
Your spell library was empty.

Dungeon Overview and Level Annotations

Branches:
Dungeon (6/15)             Temple (1/1) D:6

Altars:
Okawaru
Ru
Wu Jian
Zin

Annotations:
D:6 Grinder


Innate Abilities, Weirdness & Mutations

You cannot be hasted, slowed, berserked, paralysed or teleported.
You can dig through walls and to a lower floor.
Your four strong arms can wield two-handed weapons with a shield.
You have a pair of large antennae on your head. (SInv)


Message History

There is a fountain of clear blue water here.
You block Grinder's attack.
There is a staircase to the Ecumenical Temple here.
Grinder hits you!
* * * LOW HITPOINT WARNING * * *
You writhe in agony.
* * * LOW HITPOINT WARNING * * *
You climb downwards.
Welcome to the Ecumenical Temple!
Beware, you cannot shaft yourself on this level.
Found a glowing silver altar of Zin and an ornate altar of the Wu Jian Council.
There is a staircase back to the Dungeon here.
Grinder blinks!
There is a staircase back to the Dungeon here.
Grinder gestures at you.
Your stasis prevents you from being paralysed.
You climb upwards.
Welcome back to the Dungeon!
There is a staircase to the Ecumenical Temple here.
Are you sure you want to shaft yourself?
You feel somewhat more hungry. Grinder hits you!
You die...

. #.#. ###
#.#.#####..
......>..#
#.$.....#
#....⌠..# #
#.....#
#.#⌠.>.⌠#
#...@5..######
#....⌠.......#
#.#......###.
#.######.###
......$....#.#
..5.####.#.#.#
. #.#.#.####
#. #.........
#. #.....###


You could see Grinder.

Vanquished Creatures
  Sigmund (D:2)
  A sky beast (D:5)
  3 ogres
  A centaur (D:5)
  A bullfrog (D:6)
  A wyvern zombie (D:5)
  4 water moccasin zombies (Ossuary)
  2 scorpions
  2 hounds (D:4)
  2 orc priests
  3 orc wizards
  2 centaur skeletons
  An iguana (D:5)
  7 worker ants
  2 big kobold zombies (Ossuary)
  A hound skeleton (D:4)
  2 mummies (Ossuary)
  A gnoll (D:1)
  4 adders
  2 howler monkey skeletons (D:2)
  9 adder zombies
  2 worms
  2 dart slugs
  2 leopard geckos
  10 orcs
  6 bats
  5 giant cockroaches
  4 goblins
  8 hobgoblins
  4 jackals (D:3)
  6 kobolds
  2 quokkas
  2 ball pythons
  7 frilled lizards
  4 gnoll zombies (Ossuary)
  5 hobgoblin zombies (Ossuary)
  3 kobold zombies (Ossuary)
  An orc zombie (Ossuary)
  11 rats
136 creatures vanquished.

Notes
Turn   | Place    | Note
-------+----------+-------------------------------------------
     0 | D:1      | Krapule the Formicid Fighter began the quest for the Orb.
     0 | D:1      | Reached XP level 1. HP: 18/18 MP: 1/1
   157 | D:1      | Reached skill level 1 in Stealth
   157 | D:1      | Reached XP level 2. HP: 10/24 MP: 2/2
   908 | D:1      | Reached XP level 3. HP: 29/29 MP: 3/3
  1197 | D:2      | Reached XP level 4. HP: 37/37 MP: 4/4
  1278 | D:2      | Found an iron altar of Okawaru.
  1309 | D:2      | Became a worshipper of Warmaster Okawaru
  1357 | D:2      | Noticed Sigmund
  1378 | D:2      | Killed Sigmund
  1378 | D:2      | Reached * piety under Okawaru
  1378 | D:2      | Reached skill level 1 in Invocations
  1378 | D:2      | Reached XP level 5. HP: 28/42 MP: 4/6
  1378 | D:2      | Reached XP level 6. HP: 32/48 MP: 4/7
  2609 | D:4      | Found a sacrificial altar of Ru.
  2629 | D:4      | Reached XP level 7. HP: 48/55 MP: 8/8
  2654 | D:4      | Got a smoking robe
  2706 | D:4      | HP: 2/55 [poisoned by a worker ant]
  2896 | D:4      | Reached skill level 5 in Shields
  2962 | D:4      | Identified the +1 robe "Peagic" {Int+2 Dex+4} (You found it
                  | on level 4 of the Dungeon)
  2968 | D:4      | Found a sand-covered staircase.
  2977 | Ossuary  | Entered an ossuary
  3469 | Ossuary  | Reached ** piety under Okawaru
  3469 | Ossuary  | Reached skill level 5 in Fighting
  3478 | Ossuary  | Reached XP level 8. HP: 36/62 MP: 10/10
  3833 | D:4      | Reached skill level 5 in Armour
  4536 | D:5      | Entered Level 5 of the Dungeon
  4769 | D:5      | Reached skill level 5 in Stealth
  5239 | D:5      | Got a glittering turquoise ring
  5428 | D:5      | Reached XP level 9. HP: 68/69 MP: 12/12
  6368 | D:6      | Reached skill level 5 in Polearms
  6368 | D:6      | Reached skill level 5 in Invocations
  6406 | D:6      | Noticed Grinder
  6407 | D:6      | Found a staircase to the Ecumenical Temple.
  6424 | Temple   | Entered the Ecumenical Temple
  6436 | D:6      | Slain by Grinder

Skill      XL: |  1  2  3  4  5  6  7  8  9 |
---------------+----------------------------+-----
Stealth        | 1 2 3 4 5 |  5.9
Shields        | 4 5 6 |  6.6
Fighting       | 4 5 6 |  6.1
Polearms       | 3 4 5 |  5.0
Armour         | 4 5 6 |  6.0
Invocations    | 1 2 3 4 5 |  5.0

Action                   |  1- 3 |  4- 6 |  7- 9 || total
-------------------------+-------+-------+-------++-------
Melee: Trident           |    90 |    35 |       ||   125
       Scythe            |       |   134 |   345 ||   479
 Abil: Shaft Self        |       |       |     1 ||     1
Evoke: Wand              |       |       |     6 ||     6
  Use: Scroll            |       |       |    12 ||    12
       Potion            |       |       |     2 ||     2
 Stab: Sleeping          |       |       |     3 ||     3
  Eat: Chunk             |     1 |     4 |     8 ||    13
       Ration            |       |       |     2 ||     2
Armor: Scale mail        |    22 |    59 |   167 ||   248
Dodge: Dodged            |    19 |    39 |   122 ||   180
Block: Shield            |    25 |    95 |   188 ||   308
